Map: Complesso Moebius XX-1

Players

oleg

  • Race: Terran Terran

Tibi

  • Race: Zerg Zerg

NVolna

  • Race: Terran Terran

Boethiah

  • Race: Terran Terran
  • League: Silver

Jhyrachy - Winner!

  • Race: Zerg Zerg
  • League: Gold

FirstEmpire - Winner!

  • Race: Terran Terran

chillman - Winner!

  • Race: Terran Terran
  • League: Silver

Minister - Winner!

  • Race: Zerg Zerg

VOD

Have the link to the VOD?

Description

Time

  • Played on: April 24, 2016, 2:16 p.m.
  • Length: 53:13
Show
View Real Time Build Order
Export as new Build Order

oleg Terran 

Build Orders:  

Get SALT Encoding   

  12  0:06  SCV  
  13  0:18  SCV  
  13  0:20  Supply Depot  
  14  0:30  SCV  
  15  0:43  Barracks  
  15  0:46  SCV  
  16  0:58  Refinery  
  16  0:59  SCV  
  17  1:11  SCV  
  18  1:23  SCV  
  19  1:33  Refinery  
  19  1:35  SCV  
  19  1:36  Supply Depot  
  20  1:47  SCV  
  21  1:59  Supply Depot, SCV  
  22  2:11  SCV  
  23  2:18  Factory  
  23  2:25  Factory  
  23  2:26  SCV  
  24  2:38  SCV  
  24  2:41  Command Center  
  25  2:50  SCV  
  26  3:03  SCV  
  27  3:14  Factory Tech Lab  
  27  3:15  SCV  
  27  3:16  Armory, Factory Tech Lab  
  27  3:19  Factory  
  28  3:27  Orbital Command  
  28  3:36  Supply Depot  
  28  3:53  SCV  
  29  4:04  Thor  
  29  4:05  Factory Tech Lab, SCV  
  36  4:14  Refinery  
  36  4:18  SCV  
  37  4:25  Thor  
  37  4:30  SCV  
  44  4:34  Supply Depot  
  44  4:38  SCV  
  45  4:45  SCV  
  46  4:50  SCV  
  47  4:57  SCV  
  48  5:02  SCV  
  48  5:04  Refinery  
  49  5:08  Thor  
  49  5:09  SCV  
  56  5:22  SCV  
  56  5:24  SCV  
  58  5:34  Supply Depot, SCV  
  59  5:36  SCV  
  59  5:38  Thor  
  66  5:48  SCV  
  67  5:52  Thor  
  73  6:00  Supply Depot  
  73  6:03  SCV  
  74  6:09  Thor  
  80  6:15  SCV  
  81  6:35  Command Center  
  81  6:38  Thor  
  87  6:45  Thor  
  93  7:05  Thor  
  99  7:19  Supply Depot  
  99  7:21  Thor  
  105  7:41  Thor  
  105  7:42  Supply Depot  
  111  8:48  Thor x3  
  129  9:09  SCV  
  130  9:21  SCV  
  131  9:31  Refinery, Thor x3  
  137  9:33  SCV  
  137  9:34  Supply Depot  
  150  9:40  Refinery  
  150  9:45  SCV  
  151  9:57  Supply Depot  
  151  10:13  Thor  
  151  10:14  Thor  
  163  10:21  Supply Depot  
  163  10:47  Supply Depot  
  49  12:46  Thor  
Show
View Real Time Build Order
Export as new Build Order

Tibi Zerg 

Build Orders: Hatch First 

Get SALT Encoding   

  12  0:05  Drone  
  13  0:36  Hatchery, Drone  
  13  1:01  Drone  
  14  1:10  Spawning Pool  
  13  1:13  Extractor  
  13  1:14  Extractor  
  11  1:19  Overlord x2  
  11  1:45  Drone x2  
  11  1:46  Drone  
  14  1:49  Drone  
  15  2:01  Lair  
  15  2:11  Drone  
  16  2:21  Drone  
  16  2:22  Drone  
  18  2:32  Drone x2  
  20  2:44  Drone x2  
  21  2:45  Drone  
  23  3:09  Spire  
  23  3:11  Drone x3  
  25  3:15  Drone  
  26  3:21  Drone x2  
  28  3:33  Queen  
  30  3:38  Queen  
  32  3:43  Extractor  
  32  3:44  Extractor  
  30  4:02  Drone x5  
  35  4:03  Drone  
  36  4:27  Overlord x2  
  36  4:46  Mutalisk  
  36  4:47  Mutalisk x6  
  50  4:56  Drone x2  
  52  5:03  Overlord x2  
  52  5:09  Zerg Flyer Weapons Level 1  
  50  6:00  Mutalisk x9  
  56  6:45  Zergling x2  
  56  6:46  Zergling x6  
  60  6:49  Overlord x2  
  60  6:50  Overlord x6  
  60  6:52  Metabolic Boost  
  60  7:01  Pneumatized Carapace  
  60  7:05  Zerg Flyer Armor Level 1  
  60  7:12  Overseer  
  60  7:16  Overseer  
  60  7:24  Zergling x2  
  60  7:25  Zergling x10  
  58  8:05  Mutalisk  
  56  8:06  Mutalisk x8  
  66  9:16  Baneling Nest  
  65  9:22  Evolution Chamber  
  64  9:27  Evolution Chamber  
  64  9:30  Mutalisk x8  
  79  10:10  Zerg Melee Weapons Level 1  
  79  10:12  Zerg Ground Armor Level 1  
  79  10:18  Zergling x14  
  79  10:19  Zergling x18  
  95  10:44  Baneling  
  95  10:45  Baneling x6  
  95  10:46  Baneling x3  
  95  10:49  Centrifical Hooks  
  95  10:55  Zerg Flyer Weapons Level 2  
  95  11:44  Mutalisk x7  
  109  12:20  Overseer x3  
  109  12:21  Overseer  
  109  12:27  Zergling x22  
  109  12:28  Zergling x8  
  116  13:13  Mutalisk x4  
  116  13:16  Overlord  
  116  13:17  Overlord x5  
  124  13:25  Infestation Pit  
  121  14:11  Mutalisk x8  
  121  14:12  Mutalisk x2  
  133  14:59  Mutalisk x3  
  135  15:00  Mutalisk x9  
  99  16:26  Mutalisk  
  99  16:27  Mutalisk x5  
  105  16:54  Baneling x5  
  105  16:55  Baneling x6  
  105  16:56  Baneling x5  
  105  16:57  Baneling x6  
  105  16:58  Baneling x5, Hatchery  
  94  17:34  Mutalisk x8  
  49  18:52  Mutalisk  
  51  18:56  Zergling x8  
  51  18:57  Zergling x14  
  51  19:00  Queen  
  64  19:13  Extractor  
  64  19:15  Extractor  
  62  20:00  Zergling x2  
  62  20:01  Zergling x28  
  62  20:05  Hive  
  39  20:47  Zergling x2  
  39  20:48  Zergling x20  
Show
View Real Time Build Order
Export as new Build Order

NVolna Terran 

Build Orders: MMM Bio 

Get SALT Encoding   

  12  1:24  SCV  
  13  1:36  Supply Depot, SCV  
  14  1:41  Refinery  
  14  1:48  Command Center, SCV  
  15  2:00  Barracks  
  15  2:01  SCV  
  16  2:03  Barracks  
  16  2:07  Barracks  
  16  2:13  SCV  
  17  2:20  Supply Depot  
  17  2:46  Orbital Command  
  17  2:55  Barracks Tech Lab  
  17  2:56  Barracks Reactor  
  17  3:09  Barracks Reactor  
  17  3:20  Refinery, SCV  
  18  3:33  SCV  
  19  3:38  Combat Shields  
  18  3:45  SCV  
  17  3:50  Marine  
  17  3:51  Marine x4  
  22  4:08  Marine  
  22  4:09  Marine x4  
  27  4:18  Supply Depot  
  27  4:26  Marine  
  27  4:28  Bunker  
  27  4:30  Marine x4  
  32  4:44  Bunker, Marine  
  33  5:00  Supply Depot  
  33  5:18  Bunker  
  33  5:37  Factory  
  33  5:55  Supply Depot  
  33  5:56  Stimpack  
  33  5:58  SCV  
  34  6:11  SCV  
  35  6:14  Marine  
  35  6:15  Marine x4  
  40  6:19  Supply Depot  
  40  6:21  Factory Reactor  
  40  6:23  SCV  
  41  6:30  Starport  
  41  6:32  Marine  
  42  6:33  Marine x3  
  42  6:35  SCV  
  46  6:47  SCV  
  47  7:19  Supply Depot  
  47  7:20  Medivac x2  
  51  7:42  Supply Depot  
  51  7:50  Medivac x2  
  55  7:53  Marine  
  55  7:54  Marine x4  
  60  8:11  Marine  
  60  8:12  Marine x4  
  56  8:20  Medivac  
  58  8:29  Marine  
  58  8:30  Marine x2  
  32  9:07  Marine  
  32  9:08  Marine x4  
  37  9:25  Marine x5  
  42  9:43  Marine x5  
  47  10:00  Marine  
  47  10:01  Marine x4  
  47  10:04  Medivac x2  
  56  10:18  Marine  
  56  10:19  Marine x4  
  61  10:34  Medivac  
  63  10:36  Marine  
  63  10:37  Marine x4  
  68  10:54  Marine x4  
  68  10:55  Marine  
  73  11:12  Marine x5  
  45  12:07  Viking x2  
  44  12:37  Viking  
Show
View Real Time Build Order
Export as new Build Order

Boethiah Terran 

Build Orders: MMM Bio 

Get SALT Encoding   

  12  0:01  SCV  
  13  0:13  SCV  
  14  0:20  Supply Depot  
  14  0:25  SCV  
  15  0:30  Refinery  
  15  0:42  SCV  
  16  0:48  Barracks  
  16  0:54  SCV  
  17  1:06  SCV  
  17  1:07  Refinery  
  19  1:18  SCV  
  19  1:23  Barracks  
  19  1:30  SCV  
  20  1:42  SCV  
  20  1:44  Supply Depot  
  21  1:47  Marine  
  22  1:54  SCV  
  23  2:06  SCV  
  23  2:07  Marine  
  25  2:11  Barracks Tech Lab  
  25  2:12  Barracks  
  25  2:21  Bunker  
  25  2:24  Marine  
  26  2:31  Marine  
  27  2:38  Stimpack  
  27  2:40  SCV  
  27  2:42  Marine  
  29  2:57  Supply Depot  
  29  3:00  Marine, Engineering Bay  
  29  3:02  Marine  
  31  3:18  SCV  
  32  3:22  Marine x2  
  32  3:23  Marine  
  32  3:25  Supply Depot  
  35  3:32  Missile Turret  
  35  3:48  Marine x2  
  35  3:49  Marine  
  35  3:51  Terran Infantry Weapons Level 1  
  35  3:54  SCV  
  39  4:05  Factory  
  39  4:15  Orbital Command  
  39  4:17  Marine  
  39  4:19  Marine  
  41  4:40  Combat Shields  
  41  5:01  Command Center  
  41  5:05  Factory Reactor  
  41  5:08  Starport  
  41  5:11  Marine x2  
  41  5:12  Marine  
  28  5:50  SCV  
  28  5:54  Medivac  
  31  6:02  SCV  
  32  6:13  Orbital Command  
  32  6:14  Missile Turret, SCV  
  33  6:26  Widow Mine x2  
  33  6:30  Medivac  
  39  7:21  Marine x3  
  40  7:39  Marine  
  40  7:46  Marine x2  
  35  7:56  Marine  
  33  8:05  Medivac  
  37  8:07  Widow Mine  
  37  8:08  Widow Mine  
  26  8:31  SCV x2  
  28  8:43  SCV  
  28  8:44  SCV  
  30  8:57  SCV x2  
  32  9:09  SCV x2  
  34  9:21  SCV x2  
  36  9:28  Starport  
  36  9:30  Starport  
  36  9:32  Starport  
  36  9:33  SCV x2  
  38  9:39  Liberator x2  
  38  9:52  Liberator x2  
  44  10:13  Refinery  
  44  10:14  SCV x2  
  52  10:15  Refinery  
  52  10:26  SCV x2  
  54  10:44  Supply Depot  
  54  10:45  Supply Depot  
  54  10:49  SCV x2  
  56  10:51  Starport Tech Lab  
  56  10:53  Starport Tech Lab  
  56  10:55  Starport Reactor  
  56  11:01  SCV x2  
  58  11:13  SCV x2  
  58  11:15  Liberator x2  
  58  11:16  Liberator  
  58  11:17  Liberator  
  59  11:26  SCV  
  59  11:29  Supply Depot  
  59  11:31  Supply Depot  
  72  11:55  Liberator x2  
  72  12:15  Viking x2  
  82  12:42  Liberator x3  
  82  12:43  Liberator  
  94  13:09  Supply Depot  
  94  13:10  Supply Depot  
  94  13:13  Liberator, Supply Depot  
  82  14:26  Fusion Core  
  82  14:29  Armory, Supply Depot x2  
  82  14:31  Supply Depot  
  82  15:13  Raven  
  84  15:14  Battlecruiser  
  90  15:26  Weapon Refit  
  90  15:28  Terran Ship Weapons Level 1, Starport  
  90  15:40  Starport  
  90  15:42  Command Center  
  90  15:46  Starport  
  90  15:57  Viking x2  
  90  16:00  Battlecruiser  
  100  16:07  Starport Tech Lab  
  99  16:34  Battlecruiser x2  
  99  16:38  Starport Tech Lab  
  111  16:42  Starport Tech Lab, Viking x3  
  111  16:43  Viking  
  119  16:49  Missile Turret x2  
  119  16:58  Armory  
  119  17:04  Viking  
  121  17:17  Liberator  
  121  17:18  Liberator  
  97  17:35  Viking x2  
  97  17:36  Raven  
  109  17:38  Battlecruiser  
  109  17:42  Battlecruiser x3  
  133  18:01  Command Center  
  112  19:09  Battlecruiser x3  
  122  19:51  Command Center  
  122  19:52  Missile Turret  
  122  19:55  Terran Ship Weapons Level 2  
  122  19:56  Terran Vehicle And Ship Armor Level 1  
Show
View Real Time Build Order
Export as new Build Order

Jhyrachy Zerg - Winner!

Build Orders: Hatch First 

Get SALT Encoding   

  12  0:03  Drone  
  14  0:14  Drone  
  14  0:20  Overlord  
  14  0:39  Drone  
  14  0:40  Drone x2  
  17  0:59  Drone  
  17  1:03  Hatchery  
  17  1:05  Extractor, Drone  
  17  1:22  Spawning Pool, Drone  
  17  1:25  Drone  
  18  1:39  Drone  
  19  1:48  Overlord  
  19  2:23  Queen  
  19  2:29  Queen  
  23  2:30  Zergling x4  
  23  2:31  Zergling x6  
  28  2:40  Drone  
  28  2:42  Metabolic Boost  
  29  2:45  Drone  
  30  2:55  Drone x2  
  32  3:08  Queen  
  32  3:09  Drone x2  
  32  3:11  Overlord  
  36  4:05  Drone  
  36  4:06  Drone x7  
  36  4:07  Overlord  
  36  4:08  Overlord x2  
  44  4:15  Lair  
  44  4:20  Extractor  
  44  4:23  Drone  
  44  4:27  Drone x3  
  44  4:29  Drone x2  
  44  4:30  Drone  
  50  4:34  Extractor  
  49  5:04  Spore Crawler  
  48  5:09  Spore Crawler  
  48  5:12  Spore Crawler  
  46  5:26  Drone x3  
  46  5:27  Extractor  
  48  5:29  Drone x4  
  52  5:59  Evolution Chamber  
  52  6:03  Evolution Chamber  
  50  6:10  Drone x5, Infestation Pit  
  54  6:35  Zerg Ground Armor Level 1, Zerg Melee Weapons Level 1  
  54  6:55  Overseer  
  54  6:58  Hive  
  54  7:22  Pneumatized Carapace  
  54  8:14  Adrenal Glands  
  54  8:18  Ultralisk Cavern  
  53  8:21  Queen  
  53  8:25  Hatchery, Zergling x2  
  53  8:26  Zergling x26  
  68  8:28  Overlord x4  
  68  8:30  Zerg Ground Armor Level 2, Zerg Melee Weapons Level 2  
  55  8:57  Queen  
  57  9:04  Chitinous Plating  
  57  9:10  Ultralisk  
  57  9:11  Ultralisk x5  
  93  9:28  Drone x2  
  93  9:29  Drone  
  96  9:38  Queen  
  96  9:45  Overlord x2  
  98  9:52  Overlord x3  
  98  10:31  Burrow  
  98  10:48  Zerg Ground Armor Level 3, Zerg Melee Weapons Level 3  
  91  11:21  Hatchery  
  57  11:53  Zergling x10  
  57  11:54  Zergling x30  
  62  11:55  Zergling x8  
  69  12:02  Zergling x2  
  69  12:03  Zergling x6  
  40  12:50  Queen  
  36  12:57  Hatchery  
  35  13:06  Ultralisk Cavern  
  34  13:15  Drone x13  
  34  13:16  Drone x2  
  48  13:53  Queen x2  
  51  13:58  Spore Crawler  
  51  13:59  Spore Crawler  
  51  14:00  Spore Crawler  
  51  14:02  Spore Crawler x2  
  46  14:05  Spore Crawler x2  
  42  14:12  Spore Crawler  
  42  14:14  Spore Crawler  
  42  14:16  Spore Crawler  
  32  14:57  Spore Crawler  
  31  15:00  Spore Crawler  
  31  15:01  Spore Crawler  
  31  15:10  Spore Crawler  
  31  15:11  Spore Crawler  
  31  15:13  Spore Crawler  
  23  15:26  Drone x3  
  24  15:56  Lair  
  24  16:14  Drone  
  24  16:15  Drone x2  
  27  16:23  Drone x9  
  36  16:55  Extractor  
  36  16:58  Extractor  
  34  17:06  Queen  
  36  17:54  Hatchery, Drone x5  
  36  17:55  Drone x4  
  44  18:52  Zergling x2  
  44  18:53  Zergling x20  
  55  19:24  Drone x3  
  55  19:25  Drone x2  
  55  19:26  Drone x2  
  62  19:53  Zergling x2  
  62  19:54  Zergling x18  
  62  19:58  Queen  
  74  20:21  Hatchery  
  61  20:56  Zergling x2  
  59  20:57  Zergling x26  
  59  20:58  Zergling x8  
  76  21:08  Zergling x2  
  76  21:10  Overlord x2  
  77  21:18  Extractor  
  76  21:50  Zergling x20  
  76  21:51  Zergling x10  
  76  22:15  Zergling x12  
  76  22:16  Zergling x20  
  76  22:51  Zergling x2  
  76  22:52  Zergling x24  
  76  23:01  Overlord x3  
  76  23:02  Overlord x5  
  76  23:50  Zergling x2  
  76  23:51  Zergling x26  
  76  23:52  Zergling x14  
  76  24:07  Baneling Nest  
  76  24:18  Zergling x18  
  76  24:19  Zergling x8  
  76  24:21  Overlord x4  
  76  25:11  Centrifical Hooks  
  76  25:16  Zergling x20  
  76  25:17  Zergling x22  
  76  25:57  Extractor  
  76  25:59  Extractor  
  76  26:03  Zergling x2  
  76  26:04  Zergling x44  
  76  27:54  Baneling  
  76  27:55  Baneling x20  
  76  27:56  Baneling x20  
  76  27:57  Baneling x22  
  76  27:58  Baneling x21  
  76  27:59  Baneling x19  
  76  28:00  Baneling x21  
  76  28:01  Baneling x22  
  76  28:07  Baneling  
  76  28:08  Baneling x23  
  76  28:09  Baneling x22  
  76  28:10  Baneling x18  
  76  28:11  Baneling x22  
  76  28:12  Baneling x21  
  76  28:13  Baneling x20  
  76  28:14  Baneling x9  
  76  35:48  Drone  
  76  35:49  Drone x22  
  76  35:50  Drone x2  
  76  36:17  Drone x9  
  76  36:18  Drone x5  
  76  36:28  Baneling x10  
  76  36:29  Baneling x8  
  76  37:09  Drone x7  
  76  37:10  Drone x7  
  76  37:35  Drone x5  
  76  37:36  Drone x4  
  76  37:51  Drone  
  76  37:52  Drone x13  
  76  38:42  Drone  
  76  38:43  Drone x18  
  76  39:36  Drone  
  76  39:37  Drone x16  
  76  39:38  Drone x4  
  76  40:18  Drone x2  
  76  40:19  Drone x16  
  76  41:05  Drone  
  76  41:06  Drone x12  
  76  41:07  Drone x8  
  76  43:23  Drone x2  
  76  48:56  Hatchery x2  
  76  48:57  Hatchery  
  76  48:58  Hatchery  
  76  49:01  Hatchery  
  76  49:02  Hatchery x2  
  76  49:03  Hatchery  
  76  49:05  Hatchery  
  76  49:07  Hatchery x2  
  76  49:08  Hatchery x2  
  76  49:09  Hatchery  
  76  49:10  Hatchery  
  76  49:12  Hatchery  
  76  49:13  Hatchery  
  76  49:16  Hatchery  
  76  49:20  Hatchery  
  76  49:22  Hatchery  
  76  49:27  Hatchery x2  
  76  49:28  Hatchery  
  76  49:31  Hatchery  
  76  49:34  Hatchery x2  
  76  49:35  Hatchery  
  76  49:41  Hatchery  
  76  49:42  Hatchery  
  76  49:44  Hatchery  
  76  49:46  Hatchery  
  76  49:51  Hatchery  
  76  49:52  Hatchery x2  
  76  49:54  Hatchery x2  
  76  49:55  Hatchery x5  
  76  49:56  Hatchery  
  76  49:59  Hatchery x2  
  76  50:07  Hatchery  
  76  50:08  Hatchery  
  76  50:09  Hatchery x2  
  76  50:13  Hatchery  
  76  50:15  Hatchery  
  76  50:16  Hatchery  
  76  50:17  Hatchery x2  
  76  50:18  Hatchery  
  76  50:21  Hatchery  
  76  50:22  Hatchery  
  76  50:23  Hatchery  
  76  50:25  Hatchery  
  76  50:32  Hatchery  
  76  50:33  Hatchery  
  76  50:36  Hatchery  
  76  50:38  Hatchery  
  76  50:39  Hatchery x2  
  76  50:41  Hatchery  
  76  50:43  Hatchery  
  76  50:46  Hatchery  
  76  50:50  Hatchery x2  
  76  50:51  Hatchery x3  
  76  50:52  Hatchery  
  76  50:54  Hatchery x2  
  76  50:56  Hatchery  
  76  50:57  Hatchery  
  76  50:58  Hatchery x3  
  76  51:00  Hatchery x2  
  76  51:02  Hatchery  
  76  51:03  Hatchery  
  76  51:06  Hatchery  
  76  51:07  Hatchery  
  76  51:08  Hatchery  
  76  51:10  Hatchery  
  76  51:14  Hatchery  
  76  51:15  Hatchery  
  76  51:16  Hatchery  
  76  51:18  Hatchery x3  
  76  51:19  Hatchery x3  
  76  51:20  Hatchery  
  76  51:21  Hatchery  
  76  51:22  Hatchery  
  76  51:36  Hatchery x2  
  76  51:40  Hatchery x2  
  76  51:44  Hatchery  
  76  51:45  Hatchery  
  76  51:46  Hatchery  
  76  51:49  Hatchery  
  76  51:51  Hatchery  
  76  51:53  Hatchery x3  
  76  51:55  Hatchery  
  76  51:59  Hatchery  
  76  52:02  Hatchery  
  76  52:03  Hatchery  
  76  52:05  Hatchery  
  76  52:08  Hatchery  
  76  52:10  Hatchery x2  
  76  52:11  Hatchery  
  76  52:13  Hatchery  
  76  52:15  Hatchery  
Show
View Real Time Build Order
Export as new Build Order

FirstEmpire Terran - Winner!

Build Orders: Bio Mine 

Get SALT Encoding   

  12  0:03  SCV  
  13  0:15  SCV  
  14  0:27  Supply Depot  
  14  0:28  SCV  
  15  0:49  SCV  
  16  0:51  Barracks  
  16  0:54  Barracks  
  16  1:01  SCV  
  16  1:02  Refinery  
  17  1:13  SCV  
  18  1:25  SCV  
  19  1:31  Refinery  
  19  1:37  SCV  
  20  1:45  Barracks  
  20  1:46  Marine x2  
  22  1:54  Supply Depot  
  22  2:01  Orbital Command  
  22  2:06  Marine  
  23  2:16  Marine  
  24  2:29  Marine  
  24  2:32  SCV  
  24  2:35  Barracks Reactor  
  26  2:39  Factory  
  26  2:44  SCV  
  26  2:48  Barracks Tech Lab  
  26  2:49  Marine  
  28  2:57  SCV  
  29  3:02  Supply Depot  
  29  3:20  Barracks Reactor  
  29  3:26  Factory Reactor, Starport  
  29  3:30  SCV  
  30  3:38  Marine  
  31  3:45  Stimpack  
  31  3:51  Command Center  
  31  3:57  Engineering Bay  
  31  3:59  Marine x2  
  33  4:12  Medivac x2  
  37  4:18  Marine x2  
  39  4:26  Supply Depot  
  39  4:36  Missile Turret  
  39  4:48  Marine x4  
  43  5:00  SCV  
  43  5:05  Orbital Command  
  44  5:13  Marine  
  44  5:14  Marine x3  
  46  5:16  Medivac  
  50  5:31  Marine  
  38  5:46  Widow Mine x2  
  38  5:49  Marine x2  
  37  5:50  Marine x2  
  37  5:56  Missile Turret  
  40  6:01  Missile Turret  
  40  6:07  Marine x2  
  40  6:21  Marine x2  
  40  6:25  Marine  
  43  6:32  Widow Mine x2  
  43  6:37  Medivac  
  43  6:38  Medivac  
  43  6:39  Combat Shields  
  51  6:41  Marine x3  
  54  6:48  SCV  
  54  6:53  SCV  
  56  7:00  SCV  
  57  7:03  Terran Infantry Weapons Level 1  
  57  7:05  SCV  
  45  8:03  Widow Mine x2  
  45  8:05  Marine  
  40  8:06  Marine x3  
  40  8:11  Engineering Bay  
  43  8:19  Missile Turret  
  43  8:20  SCV  
  43  8:23  Marine x4  
  43  8:25  Refinery  
  48  8:29  Refinery  
  48  8:32  SCV  
  49  8:34  Starport  
  49  8:36  Starport  
  49  8:41  Marine  
  50  8:43  Widow Mine x2  
  50  8:44  SCV  
  55  8:51  Factory  
  55  8:52  Terran Infantry Armor Level 1  
  55  8:56  SCV  
  56  9:04  Missile Turret  
  56  9:08  SCV  
  57  9:12  Missile Turret, Widow Mine x2  
  57  9:15  Missile Turret, SCV  
  62  9:29  Hi-Sec Auto Tracking  
  62  9:37  Factory Tech Lab  
  62  9:40  Starport Tech Lab  
  62  9:41  Supply Depot  
  62  9:43  Supply Depot  
  62  9:48  Starport Tech Lab  
  62  9:52  Fusion Core  
  62  10:00  Supply Depot  
  62  10:02  Supply Depot  
  62  10:03  SCV x2  
  64  10:13  Armory  
  64  10:15  Armory, SCV  
  65  10:27  SCV  
  66  10:39  SCV  
  66  10:40  Battlecruiser  
  73  10:51  SCV  
  74  11:07  Battlecruiser  
  74  11:09  SCV  
  81  11:19  Drilling Claws  
  81  11:21  SCV  
  81  11:22  Widow Mine  
  81  11:23  Widow Mine x2  
  88  11:49  Weapon Refit  
  88  11:51  Widow Mine  
  90  12:04  Command Center  
  90  12:23  Supply Depot  
  90  12:24  Supply Depot  
  90  12:25  Supply Depot  
  90  12:29  Supply Depot  
  90  12:30  Supply Depot x2  
  90  12:43  Behemoth Reactor  
  90  12:45  Battlecruiser x2  
  102  13:09  Terran Ship Weapons Level 1, Terran Vehicle And Ship Armor Level 1  
  102  13:13  Armory  
  102  13:31  Missile Turret  
  102  13:32  Starport  
  102  13:34  Orbital Command  
  102  13:50  Battlecruiser  
  108  13:58  Battlecruiser  
  114  14:19  Widow Mine x2  
  118  14:30  Refinery  
  118  14:32  Refinery  
  118  14:33  Terran Vehicle Weapons Level 1  
  118  14:47  Widow Mine x2  
  118  14:49  Missile Turret  
  118  14:50  Missile Turret  
  122  14:53  Missile Turret  
  122  14:56  Missile Turret  
  122  15:01  Factory Reactor  
  122  15:04  Battlecruiser  
  128  15:25  SCV  
  129  15:37  SCV  
  130  15:59  Battlecruiser  
  136  16:35  Battlecruiser  
  142  16:48  Widow Mine  
  142  16:49  Widow Mine x3  
  142  16:52  Command Center  
  150  16:56  Terran Vehicle Weapons Level 2, Terran Ship Weapons Level 2  
  150  16:57  Terran Vehicle And Ship Armor Level 2  
  150  17:17  Widow Mine x2  
  136  17:42  Battlecruiser  
  135  18:20  Refinery  
  85  19:14  Command Center  
  85  19:22  Medivac x2  
  89  19:25  Marine x4  
  89  19:28  Terran Infantry Armor Level 2, Terran Infantry Weapons Level 2  
  93  19:43  Marine x4  
  93  19:48  Command Center  
  93  19:52  Medivac x2  
  97  20:01  Marine x4  
  97  20:02  Widow Mine x2  
  97  20:03  Widow Mine x2  
  109  20:18  Marine  
  109  20:19  Marine  
  111  20:22  Medivac x2  
  115  20:29  Marine  
  115  20:30  Marine  
  115  20:31  Widow Mine x3  
  123  20:36  Marine  
  123  20:37  Marine  
  125  20:47  Marine  
  125  20:48  Marine  
  127  20:54  Marine x2  
  129  21:05  Marine x2  
  131  21:12  Marine x2  
  133  21:23  Marine x2  
  135  21:30  Marine  
  135  24:30  Planetary Fortress  
  135  24:36  Command Center  
  135  25:12  Command Center  
  135  25:13  Command Center x2  
  135  25:14  Command Center  
  135  25:15  Command Center  
  135  25:18  Command Center  
  135  25:34  Command Center x2  
  135  25:44  Command Center  
  135  27:36  Command Center  
  135  34:33  Planetary Fortress x11  
  135  38:29  Command Center  
  135  44:19  Planetary Fortress  
Show
View Real Time Build Order
Export as new Build Order

chillman Terran - Winner!

Build Orders:  

Get SALT Encoding   

  12  0:02  SCV  
  13  0:14  SCV  
  14  0:25  Supply Depot  
  14  0:28  SCV  
  15  0:47  SCV  
  15  0:49  Barracks  
  16  0:59  SCV  
  16  1:02  Barracks  
  17  1:10  Barracks  
  17  1:11  SCV  
  18  1:29  Refinery, SCV  
  19  1:36  Marine  
  20  1:44  Refinery  
  20  1:50  Marine  
  20  1:54  Marine  
  21  1:57  Marine  
  23  2:39  Barracks Reactor  
  23  2:47  Supply Depot  
  23  2:48  Orbital Command, Supply Depot  
  23  2:50  Supply Depot  
  23  3:02  Barracks Reactor  
  23  3:05  Barracks Tech Lab  
  23  3:13  SCV  
  23  3:17  Marine x2  
  26  3:25  SCV  
  27  3:29  Combat Shields  
  27  3:31  Command Center  
  27  3:33  Marine  
  28  3:35  Marine  
  28  3:38  SCV  
  28  3:41  Marine x2  
  30  3:46  Marine  
  33  3:50  Marine, SCV  
  33  3:54  Factory  
  35  4:00  Marine x2  
  35  4:02  Marine, SCV  
  39  4:04  Marine  
  40  4:14  SCV  
  41  4:26  SCV  
  41  4:27  Marine x2  
  41  4:30  Marine  
  45  4:38  SCV  
  46  4:40  Engineering Bay  
  46  4:47  Factory Tech Lab  
  46  4:50  SCV  
  47  4:55  Engineering Bay  
  47  4:58  Starport  
  47  5:02  SCV  
  48  5:14  SCV  
  48  5:17  Marine x5  
  48  5:19  Siege Tank  
  57  5:26  SCV  
  58  5:32  Terran Infantry Weapons Level 1  
  58  5:34  Marine  
  58  5:35  Marine x3  
  62  5:40  Terran Infantry Armor Level 1  
  62  6:17  Starport Reactor  
  62  6:20  Armory  
  62  8:10  Marine  
  62  8:11  Marine x2  
  62  8:15  Marine x2  
  62  8:30  Marine x3  
  62  8:33  Marine x2  
  56  8:36  Liberator  
  56  8:37  Liberator  
  41  8:48  Marine x3  
  41  8:51  Marine x2  
  52  9:06  Marine x3  
  52  9:08  Marine  
  52  9:09  Marine  
  57  9:17  Starport  
  57  9:23  Starport, SCV  
  58  9:24  Marine x3  
  58  9:26  Marine  
  62  9:37  Supply Depot  
  62  9:38  Supply Depot  
  62  9:39  Supply Depot  
  62  9:41  Supply Depot  
  62  9:43  Supply Depot  
  62  9:55  Marine x2, SCV x2, Medivac x2  
  62  9:57  Terran Infantry Weapons Level 2  
  70  10:05  Supply Depot  
  70  10:06  Terran Infantry Armor Level 2, Supply Depot  
  70  10:07  SCV x2, Supply Depot  
  70  10:10  Starport Tech Lab  
  72  10:19  SCV x2  
  74  10:25  Medivac x2  
  78  10:30  Marine x5  
  78  10:31  SCV  
  84  10:41  Siege Tank  
  87  10:48  Marine x5  
  92  10:58  Orbital Command  
  92  11:04  Missile Turret  
  92  11:05  Missile Turret, Marine  
  92  11:09  Refinery  
  93  11:13  Refinery  
  93  11:14  Starport Tech Lab  
  93  11:35  SCV  
  93  11:37  Fusion Core  
  94  11:53  Stimpack  
  85  15:12  Marine x5  
  90  15:29  Marine  
  90  15:30  Marine x4  
  95  15:43  Terran Infantry Weapons Level 3  
  95  15:44  Terran Infantry Armor Level 3  
  95  15:47  Marine  
  95  15:48  Marine x4  
  100  16:05  Marine x2  
  100  16:06  Marine x3  
  105  16:23  Marine x3  
  105  16:24  Marine x2  
  71  16:32  Battlecruiser x2  
  83  16:40  Starport Tech Lab  
  83  16:41  Marine x4  
  83  16:42  Marine  
  88  16:58  Marine  
  88  16:59  Marine x4  
  93  17:06  Battlecruiser  
  99  17:11  Command Center  
  99  17:15  Terran Vehicle And Ship Armor Level 1  
  99  17:16  Marine  
  99  17:17  Marine x2  
  102  17:36  Battlecruiser x2  
  114  17:58  Missile Turret  
  114  17:59  Missile Turret  
  114  18:01  Missile Turret  
  114  18:04  Missile Turret x2  
  114  18:08  Missile Turret  
  114  18:11  SCV  
  115  18:23  Planetary Fortress, SCV  
  115  18:25  Missile Turret  
  116  18:35  SCV  
  117  18:47  SCV  
  80  18:57  Battlecruiser  
  86  19:05  Weapon Refit  
  86  19:17  Refinery  
  86  19:19  Refinery  
  86  19:37  SCV  
  87  19:44  Starport  
  87  19:45  Starport  
  87  19:53  Armory  
  87  20:26  Marine x5  
  91  20:43  Marine  
  91  20:44  Marine x4  
  89  21:01  Marine x2  
  80  21:19  SCV  
  81  21:32  SCV  
  81  21:44  SCV  
  81  21:56  SCV  
  81  22:08  SCV  
Show
View Real Time Build Order
Export as new Build Order

Minister Zerg - Winner!

Build Orders: Pool First 

Get SALT Encoding   

  12  0:15  Drone x2  
  14  0:28  Spawning Pool  
  13  0:32  Drone  
  13  0:35  Extractor  
  13  0:49  Overlord  
  13  0:51  Drone  
  14  1:09  Drone x2  
  16  1:12  Drone  
  16  1:15  Queen  
  19  1:23  Overlord  
  19  1:35  Zergling x2  
  19  1:36  Metabolic Boost  
  20  1:50  Zergling x2  
  21  1:55  Zergling x2  
  22  2:01  Extractor  
  22  2:06  Zergling x2  
  22  2:12  Lair  
  22  2:20  Zergling x2  
  23  2:24  Zergling x6  
  26  2:34  Zergling x2  
  27  2:40  Spore Crawler  
  27  2:41  Zergling x2  
  27  2:55  Hatchery  
  26  3:07  Drone x2  
  26  3:08  Drone  
  29  3:29  Spire  
  29  3:31  Zergling x2  
  29  3:49  Overseer  
  29  3:53  Drone  
  30  3:59  Overlord  
  30  4:15  Spore Crawler, Drone x3  
  32  4:19  Queen  
  32  4:22  Drone  
  35  4:37  Infestation Pit  
  34  4:46  Drone x3  
  37  5:07  Lair  
  37  5:08  Drone x2  
  39  5:17  Hive  
  39  5:21  Drone  
  39  5:24  Extractor  
  39  5:27  Extractor  
  38  5:30  Drone  
  39  5:45  Drone  
  39  5:46  Drone x2  
  42  5:59  Drone  
  42  6:01  Hatchery  
  42  6:02  Drone  
  43  6:12  Drone  
  43  6:17  Spore Crawler  
  43  6:29  Greater Spire  
  43  6:35  Drone  
  43  6:37  Overlord  
  44  6:54  Overlord  
  44  7:02  Drone x2  
  44  7:05  Corruptor x3  
  53  7:15  Drone  
  53  7:20  Lair  
  53  7:31  Corruptor  
  53  7:35  Corruptor  
  57  7:43  Drone x2  
  59  7:51  Zerg Flyer Weapons Level 1  
  59  7:54  Drone x2  
  59  7:55  Drone  
  62  8:00  Drone x2  
  64  8:17  Brood Lord  
  66  8:20  Overlord x3  
  66  8:37  Extractor  
  66  8:40  Extractor  
  61  9:01  Brood Lord x4  
  69  9:04  Corruptor x3  
  75  9:11  Overlord x2  
  75  9:20  Drone x3  
  75  9:23  Spore Crawler  
  77  9:31  Drone x3  
  80  9:35  Corruptor  
  82  10:00  Pneumatized Carapace  
  82  10:05  Drone x3  
  85  10:13  Corruptor x5  
  93  10:21  Overseer  
  95  10:24  Zerg Flyer Armor Level 1  
  95  10:42  Brood Lord x3  
  101  10:50  Drone x3  
  101  10:51  Corruptor  
  101  10:54  Overlord  
  101  10:56  Overlord  
  106  11:27  Corruptor x4  
  106  11:30  Overlord x4  
  94  12:16  Corruptor x3  
  94  12:17  Corruptor x6  
  94  12:18  Corruptor  
  110  12:30  Brood Lord  
  110  12:31  Brood Lord  
  114  13:03  Corruptor x3  
  114  13:04  Corruptor x2  
  124  13:21  Brood Lord  
  124  13:23  Overlord x2  
  124  13:24  Corruptor  
  128  13:28  Overlord x2  
  127  13:43  Corruptor x2  
  127  13:44  Corruptor  
  60  14:15  Spore Crawler  
  60  14:16  Spore Crawler  
  58  14:17  Spore Crawler  
  58  14:18  Spore Crawler  
  58  14:20  Spore Crawler  
  58  14:23  Spore Crawler  
  54  14:24  Spore Crawler x2  
  54  14:25  Drone  
  54  14:26  Drone x2  
  54  14:29  Spore Crawler  
  54  14:35  Hydralisk Den  
  52  15:15  Evolution Chamber  
  52  15:17  Hydralisk x4  
  52  15:18  Hydralisk x5  
  69  15:25  Queen  
  71  15:38  Hydralisk x5  
  81  15:53  Spore Crawler x3  
  81  15:54  Spore Crawler  
  81  15:55  Spore Crawler  
  61  16:12  Hydralisk x7  
  61  16:13  Hydralisk x2  
  65  16:25  Hydralisk x5  
  73  16:45  Zerg Missile Weapons Level 1  
  73  16:52  Drone  
  73  16:53  Drone  
  75  17:03  Drone x4  
  79  17:20  Hydralisk x3  
  85  17:32  Hydralisk x2  
  85  17:33  Hydralisk  
  91  18:00  Hydralisk  
  91  18:01  Hydralisk x5  
  103  18:32  Roach Warren  
  102  18:35  Muscular Augments  
  102  18:40  Zerg Ground Armor Level 1  
  102  19:11  Hatchery  
  102  19:17  Roach x6  
  105  19:18  Roach x6  
  105  19:19  Roach  
  127  20:01  Glial Reconstitution  
  127  20:10  Extractor x2  
  125  20:30  Mutalisk  
  125  20:31  Hydralisk x5  
  125  20:33  Zerg Missile Weapons Level 2  
  123  21:19  Tunneling Claws  
Tags
 
Add a new tag
Caveats
  • Supply blocks, unpowered buildings, or Contaminate may cause inaccurate times.
  • Supply counts are checked every 10 seconds.